Map: Port Aleksander LE

Players

SoulSpirit - Winner!

  • Race: Zerg Zerg
  • Spawn Location: 5:00

Ziggy

  • Race: Terran Terran
  • League: Grandmaster
  • Spawn Location: 11:00

Event: 2019 WCS Winter Europe

VOD

Have the link to the VOD?

Description

Time

  • Played on: Feb. 9, 2019, 10:56 a.m.
  • Length: 12:14

All games in this series

Show
View Real Time Build Order
Export as new Build Order

SoulSpirit Zerg - Winner!

Build Orders: Pool First 

Get SALT Encoding   

  12  0:00  Drone  
  13  0:13  Overlord  
  13  0:17  Drone  
  14  0:31  Drone  
  14  0:32  Drone  
  16  0:42  Spawning Pool  
  15  0:45  Drone  
  15  0:49  Drone  
  17  1:11  Hatchery  
  16  1:14  Drone  
  17  1:20  Extractor  
  16  1:31  Zergling x6  
  19  1:37  Queen  
  21  1:44  Overlord  
  21  1:53  Drone  
  22  2:05  Drone  
  23  2:13  Queen  
  25  2:16  Drone  
  25  2:22  Metabolic Boost  
  26  2:28  Drone x2  
  28  2:36  Drone x2  
  30  2:46  Drone x2  
  32  2:53  Drone  
  32  3:00  Hatchery  
  32  3:02  Drone x2  
  33  3:12  Drone x3  
  35  3:18  Drone  
  35  3:19  Overlord  
  35  3:22  Overlord  
  35  3:32  Overlord  
  35  3:38  Queen, Drone x3  
  40  3:41  Drone  
  40  3:43  Queen  
  43  3:50  Zergling x4  
  43  3:54  Zergling x2  
  43  3:55  Zergling x4  
  48  4:01  Drone  
  49  4:04  Drone  
  50  4:13  Zergling x6  
  50  4:15  Queen  
  50  4:16  Queen  
  57  4:20  Queen  
  57  4:22  Drone x2  
  60  4:34  Drone x2  
  60  4:35  Drone x2  
  64  4:42  Overlord  
  64  4:45  Overlord  
  64  4:51  Roach Warren  
  64  4:52  Overlord  
  63  4:56  Overlord  
  63  4:57  Lair  
  63  5:01  Queen  
  63  5:02  Drone  
  63  5:03  Queen  
  63  5:04  Drone x3  
  71  5:07  Spore Crawler  
  71  5:08  Drone  
  71  5:10  Spore Crawler  
  71  5:12  Drone  
  71  5:13  Drone  
  71  5:14  Drone  
  73  5:21  Drone x3  
  73  5:37  Drone x12  
  73  5:41  Extractor  
  73  5:42  Extractor  
  81  5:46  Extractor, Drone x2  
  82  5:51  Drone x2  
  82  5:54  Overlord, Extractor  
  82  5:56  Glial Reconstitution  
  83  6:00  Evolution Chamber  
  83  6:01  Evolution Chamber  
  80  6:10  Zergling x8  
  81  6:12  Zergling x2  
  81  6:16  Spire  
  80  6:19  Zergling x6  
  80  6:20  Drone x3  
  80  6:21  Drone  
  87  6:33  Extractor, Drone  
  87  6:34  Drone x2  
  89  6:41  Overlord, Zerg Missile Weapons Level 1  
  86  6:56  Drone x2  
  86  6:57  Overlord, Drone x2  
  86  6:59  Drone x2  
  86  7:00  Overlord  
  89  7:02  Drone  
  89  7:03  Drone x3  
  89  7:08  Roach x4  
  101  7:10  Overlord  
  101  7:11  Hatchery  
  98  7:16  Queen x3  
  104  7:31  Corruptor  
  104  7:32  Corruptor x5  
  104  7:35  Corruptor  
  118  7:41  Zerg Ground Armor Level 1  
  117  7:53  Overlord x2, Drone x4  
  121  7:59  Overlord  
  121  8:00  Baneling Nest  
  121  8:02  Overlord  
  120  8:06  Overlord  
  120  8:08  Overlord x2  
  118  8:18  Corruptor x3  
  124  8:25  Zergling x20  
  124  8:26  Hydralisk Den  
  133  8:33  Zergling x2  
  133  8:34  Zergling x8  
  133  8:46  Roach x2  
  133  8:47  Roach  
  139  8:49  Zerg Missile Weapons Level 2  
  139  8:53  Roach x3  
  145  8:56  Roach x3  
  145  9:02  Extractor  
  150  9:05  Roach x2  
  150  9:06  Roach  
  150  9:09  Roach  
  158  9:13  Queen  
  160  9:22  Roach  
  160  9:23  Roach x8  
  178  9:29  Roach x4  
  179  9:33  Overlord  
  179  9:37  Ravager x5  
  184  9:38  Overlord  
  184  9:39  Overlord  
  184  9:43  Spine Crawler  
  184  9:45  Overlord  
  183  9:50  Overlord  
  182  9:58  Corruptor x3  
  159  10:07  Corruptor  
  159  10:08  Corruptor x3  
  161  10:16  Roach  
  161  10:17  Roach x7  
  177  10:21  Roach x2  
  177  10:22  Roach  
  183  10:29  Roach x4  
  183  10:32  Corruptor  
  183  10:35  Corruptor  
  193  10:41  Corruptor  
  191  10:50  Corruptor x2  
  191  10:51  Corruptor  
  189  11:02  Roach  
  189  11:03  Roach x6  
  179  11:09  Roach x4  
  171  11:16  Roach x4  
  162  11:21  Roach  
  162  11:22  Roach x2  
  164  11:26  Roach  
  164  11:27  Roach x2  
  164  11:38  Roach x7  
  170  11:47  Roach x5  
  170  11:51  Roach  
Show
View Real Time Build Order
Export as new Build Order

Ziggy Terran 

Build Orders: Reaper Expand 

Get SALT Encoding   

  12  0:00  SCV  
  13  0:12  SCV  
  14  0:18  Supply Depot  
  14  0:24  SCV  
  15  0:39  SCV  
  15  0:40  Barracks  
  16  0:44  Refinery  
  16  0:51  SCV  
  17  1:03  SCV  
  18  1:15  SCV  
  19  1:28  Reaper, Orbital Command  
  20  1:42  Command Center  
  20  1:52  Supply Depot  
  21  1:54  SCV  
  21  2:00  Marine  
  22  2:06  Factory  
  22  2:09  SCV  
  23  2:16  Refinery  
  23  2:18  Marine  
  24  2:23  SCV  
  25  2:35  SCV  
  25  2:36  Barracks Reactor  
  26  2:47  SCV  
  27  2:52  Hellion  
  29  2:59  SCV  
  29  3:02  Starport  
  30  3:11  SCV  
  30  3:24  SCV  
  30  3:29  Orbital Command  
  30  3:30  Hellion x2, Marine  
  35  3:36  SCV  
  36  3:42  Fusion Core  
  36  3:45  Refinery  
  36  3:48  SCV  
  37  3:51  Hellion x2  
  37  3:54  SCV  
  42  4:00  SCV, Supply Depot  
  43  4:06  SCV  
  43  4:08  Starport Tech Lab  
  44  4:12  SCV  
  45  4:19  SCV  
  45  4:21  Supply Depot  
  45  4:22  Hellion x2  
  50  4:24  SCV, Supply Depot  
  50  4:31  SCV  
  52  4:43  Battlecruiser  
  52  4:44  SCV x2  
  60  4:57  Weapon Refit  
  60  4:59  SCV x2  
  62  5:01  Armory  
  62  5:05  Hellion x2  
  66  5:09  Supply Depot  
  66  5:13  SCV x2  
  68  5:19  Supply Depot  
  66  5:36  SCV x2  
  64  5:47  Command Center  
  62  5:51  SCV, Battlecruiser  
  62  5:53  SCV  
  70  5:58  Refinery  
  70  6:02  Terran Vehicle And Ship Armor Level 1  
  70  6:03  SCV  
  71  6:05  SCV  
  71  6:15  SCV  
  71  6:17  SCV  
  73  6:22  Factory x2  
  73  6:23  Factory  
  73  6:27  SCV  
  73  6:28  Hellion x2  
  73  6:29  SCV  
  80  6:40  SCV  
  80  6:41  SCV  
  80  6:43  Supply Depot  
  80  6:44  Supply Depot  
  80  6:45  Supply Depot  
  81  6:49  Hellion  
  81  6:50  Hellion  
  81  6:52  SCV  
  86  6:58  SCV  
  86  6:59  Battlecruiser  
  87  7:01  Orbital Command  
  87  7:04  Engineering Bay  
  87  7:05  SCV  
  87  7:06  Factory Tech Lab x2  
  87  7:07  Factory Tech Lab  
  88  7:10  SCV  
  93  7:18  SCV  
  93  7:22  Widow Mine x2  
  94  7:23  SCV  
  94  7:25  Cyclone x3  
  94  7:28  SCV  
  105  7:30  SCV  
  105  7:35  SCV, Missile Turret  
  107  7:37  Missile Turret  
  107  7:38  Orbital Command  
  107  7:40  Missile Turret x2  
  107  7:48  Mag-Field Accelerator  
  107  7:53  Missile Turret x2  
  107  7:55  Widow Mine x2  
  107  7:57  Missile Turret  
  111  8:01  SCV x2  
  113  8:12  Cyclone x2  
  119  8:14  Cyclone  
  119  8:16  SCV x2  
  124  8:20  Refinery  
  124  8:21  Refinery  
  124  8:23  Terran Vehicle And Ship Armor Level 2  
  124  8:38  Hellion  
  124  8:51  Command Center, Supply Depot  
  124  8:52  Supply Depot  
  124  8:54  Supply Depot  
  124  8:56  Supply Depot  
  124  8:57  Hellion, Cyclone x2  
  124  9:02  Infernal Pre-Igniter  
  132  9:06  Barracks Reactor  
  132  9:08  Starport  
  132  9:12  Cyclone  
  132  9:13  Hellion, Command Center  
  135  9:29  Cyclone  
  135  9:30  Cyclone  
  143  9:31  Hellion  
  143  9:34  Hellion  
  145  9:45  Thor  
  144  10:02  Cyclone x2  
  144  10:03  Hellion x2  
  156  10:14  Battlecruiser  
  156  10:15  SCV x4  
  160  10:25  Hellion x2  
  164  10:35  Thor  
  170  10:46  Factory x2  
  166  10:54  Thor  
  156  11:04  Cyclone  
  122  11:16  Hellion x2  
  107  11:19  SCV x2, Cyclone  
  111  11:26  SCV  
  111  11:27  SCV  
  113  11:36  Cyclone  
  113  11:37  Hellion x2, Cyclone  
  110  11:41  SCV x2  
  110  11:42  SCV  
  110  11:43  Factory Tech Lab x2  
  104  11:53  SCV  
  92  11:57  SCV x2  
Tags
 
Add a new tag
Caveats
  • Supply blocks, unpowered buildings, or Contaminate may cause inaccurate times.
  • Supply counts are checked every 10 seconds.